Unix NetHack Version 5.0.0-0 post-release - last build Jun 10 2026 00:39:30 (3ee93aec679c4c4259841fe613dc97188e26a321,branch:main).

Game began 2026-06-10 21:03:05, ended 2026-06-11 00:44:56.

IanCurtis, chaotic male elven Wizard

---           --
|.            .----
|.           .....
|.-        --`..-
|.|      ---@.|
|.| ---- |....|
|.|--..| |...--
|.||...| --.--
|<||..-----f|
|.||.-|.....|
|.||.-|[-----
|.|-..|.|
|.|.....|
|.|.---.|
|.|.||..|
|...||..|
|..-|----
|...|
-----

IanCurtis the Evoker      St:11 Dx:14 Co:12 In:17 Wi:9 Ch:10  Chaotic
Dlvl:3  $:10 HP:0(13) Pw:23(25) AC:9  Xp:2 T:1044 

Latest messages:
 You finish taking off your gloves.
 You see here a pair of hiking boots (for sale, 67 zorkmids).
 "For you, honored hir; only 67 zorkmids for this pair of hiking boots."
 C - a pair of hiking boots (unpaid, 67 zorkmids).
 What do you want to wear? [BC or ?*] C
 You finish your dressing maneuver.
 You see here a pair of walking shoes (for sale, 11 zorkmids).
 The kitten drops a pair of combat boots.
 You see here a dagger (for sale, 5 zorkmids).
 You can't jump very far.
 What do you want to take off? [bC or ?*] C
 You finish taking off your boots.
 What do you want to drop? [$a-osu-zBC or ?*] C
 You drop a +0 pair of hiking boots (unpaid, 67 zorkmids).
 What do you want to drop? [$a-osu-zB or ?*] ?
 You drop a +0 pair of fencing gloves (unpaid, 14 zorkmids).
 In what direction? l
 The spell hits the small mimic!
 You see here a plate mail (for sale, 800 zorkmids).
 You do not owe Kadirli anything.
 The kobold zombie hits!
 In what direction? u
 The door resists!
 In what direction? u
 The door resists!
 You destroy the kobold zombie!
 You feel full of energy.
 You are in full health.
 You hear someone cursing shoplifters.
 You are beginning to feel hungry.
 You descend the stairs.
 The kitten bites the gnome.
 The kitten misses the gnome.
 The gnome hits!
 The kitten bites the gnome.
 The gnome is killed!
 You hear rumbling in the distance.
 In what direction? k
 The spell hits the dwarf!
 You kill the dwarf!
 Welcome to experience level 2.
 You hear rumbling in the distance.
 What do you want to eat? [uvy or ?*] ?
 This food really hits the spot!
 You finish eating the food ration.
 You hear rumbling in the distance.
 Click!  You trigger a rolling boulder trap!
 You are hit by a boulder!
 You die...
 Do you want your possessions identified? [ynq] (y) q

Inventory:
 Coins    ('$')
  $ - 10 gold pieces
 Weapons  (')')
  a - a blessed +1 quarterstaff (weapon in hands)
 Armor    ('[')
  b - an uncursed +0 cloak of magic resistance (being worn)
 Comestibles  ('%')
  v - 2 uncursed slime molds
  y - 2 uncursed cram rations
 Scrolls  ('?')
  j - an uncursed scroll of create monster
  k - an uncursed scroll of scare monster
  i - an uncursed scroll of teleportation
 Spellbooks  ('+')
  w - an uncursed spellbook of dig
  m - an uncursed spellbook of extra healing
  l - a blessed spellbook of force bolt
  z - an uncursed spellbook of healing
 Potions  ('!')
  h - an uncursed potion of fruit juice
  g - a blessed potion of object detection
  f - an uncursed potion of paralysis
  x - an uncursed potion of speed
 Rings    ('=')
  d - an uncursed +1 ring of increase damage
  e - an uncursed ring of protection from shape changers
 Wands    ('/')
  s - a wand of digging (0:4)
  c - a wand of slow monster (0:8)
 Tools    ('(')
  n - a magic marker (0:19)
  o - an uncursed pair of lenses (being worn)

IanCurtis the Wizard's attributes:

Background:
 You were an Evoker, a level 2 male elven Wizard.
 You were chaotic, nominally on a mission for Anhur
 who was opposed by Ptah (lawful) and Thoth (neutral).
 You were right-handed.
 You were in the Gnomish Mines, on level 3.
 You entered the dungeon 1044 turns ago.
 It was the midnight hour.
 You had 24 experience points, 16 more were needed to attain level 3.

Basics:
 You had 0 out of 13 hit points.
 You had 23 out of 25 energy points (spell power).
 Your armor class was 9.
 Your wallet contained 10 zorkmids.
 Autopickup was off.

Final Characteristics:
 Your strength was 11 (limit:18).
 Your dexterity was 14 (limit:18).
 Your constitution was 12 (limit:16).
 Your intelligence was 17 (limit:20).
 Your wisdom was 9 (limit:20).
 Your charisma was 10 (limit:18).

Final Status:
 You weren't hungry.
 You were unencumbered.
 You were wielding a quarterstaff.
 You had basic skill with quarterstaff.

Final Attributes:
 You were devoutly aligned.
 You were magic-protected.
 You had infravision.
 You were warded.
 You are dead.

Miscellaneous:
 You didn't encounter any bones levels.
 Total elapsed playing time was 35 minutes and 56 seconds.

Major events:
 Turn
    1: IanCurtis the chaotic male elven Wizard entered the dungeon
  988: entered the Gnomish Mines
 1044: killed by a boulder

Spells:
 Name                 Level Category     Fail Retention
 force bolt             1   attack         0%  91%-100%
 extra healing          3   healing       96%  76%-100%
 healing                1   healing        0%  76%-100%

Skills:
 Fighting Skills
   bare handed combat [Unskilled]
   riding             [Unskilled]
 Weapon Skills
   dagger             [Unskilled]
   knife              [Unskilled]
   axe                [Unskilled]
   short sword        [Unskilled]
   club               [Unskilled]
   mace               [Unskilled]
   quarterstaff       [Basic]
   polearms           [Unskilled]
   spear              [Unskilled]
   trident            [Unskilled]
   sling              [Unskilled]
   dart               [Unskilled]
   shuriken           [Unskilled]
 Spellcasting Skills
   attack spells      [Basic]
   healing spells     [Unskilled]
   divination spells  [Unskilled]
   enchantment spells [Basic]
   clerical spells    [Unskilled]
   escape spells      [Unskilled]
   matter spells      [Unskilled]

Voluntary challenges:
 Character rerolling was not enabled.
 You were an atheist.
 You never genocided any monsters.
 You never polymorphed an object.
 You never changed form.
 You used no wishes.
Achievements:
 You entered a shop.
 You entered the Gnomish Mines.

 The Dungeons of Doom: levels 1 to 2
    Level 1:
    Level 2:
       An armor shop, some fountains.
       Stairs down to The Gnomish Mines.
 The Gnomish Mines:
    Level 3: <- You were here.
       Final resting place for
          you, killed by a boulder.


Vanquished creatures:
  a dwarf
  3 gnomes
  2 jackals
  a sewer rat
  3 grid bugs
  a lichen
  2 kobold zombies
  4 newts
17 creatures vanquished.

No species were genocided or became extinct.

Game over:
                       ----------
                      /          \
                     /    REST    \
                    /      IN      \
                   /     PEACE      \
                  /                  \
                  |    IanCurtis     |
                  |      10 Au       |
                  |   killed by a    |
                  |     boulder      |
                  |                  |
                  |                  |
                  |       2026       |
                 *|     *  *  *      | *
        _________)/\\_//(\/(/\)/\//\/|_)_______

Goodbye IanCurtis the Wizard...

You died in The Gnomish Mines on dungeon level 3 with 205 points,
and 10 pieces of gold, after 1044 moves.
You were level 2 with a maximum of 13 hit points when you died.

